 Dungeon Crawl Stone Soup version 0.29-a0-563-g64e4043184 (webtiles) character file.

Game seed: 2889332238461307333

15 dolemite99 the Cudgeller (level 2, 0/26 HPs)
             Began as a Meteoran Chaos Knight on June 12, 2022.
             Was a Plaything of Xom.
             Succumbed to an adder's poison
             ... on level 2 of the Dungeon.
             The game lasted 00:01:01 (470 turns).

dolemite99 the Cudgeller (Meteoran Chaos Knight)     Turns: 470, Time: 00:01:01

Health: 0/26       AC:  5    Str: 11 (13) XL:     2   Next: 88%
Magic:  3/3        EV:  6    Int: 12 (13) God:    Xom [.....*]
Gold:   28         SH:  0    Dex: 11 (13) Spells: 1/1 levels left

rFire   . . .      SeeInvis .   a - +0 mace (chaos)
rCold   . . .      Faith    .   (no shield)
rNeg    . . .      Spirit   .   b - +2 leather armour
rPois   .          Reflect  .   (no helmet)
rElec   .          Harm     .   (no cloak)
rCorr   .          Rampage  .   (no gloves)
Will    .....                   (no boots)
Stlth   +.........              (no amulet)
HPRegen 0.08/turn               (no ring)
MPRegen 0.08/turn               (no ring)

@: lethally poisoned (0 -> -7), vertiginous, glowing
A: sense surroundings 1, otherworldly, glowing, explore regen
a: Renounce Religion


You were on level 2 of the Dungeon.
You worshipped Xom.
You were Xom's teddy bear.
You visited 1 branch of the dungeon, and saw 2 of its levels.

You collected 28 gold pieces.

Inventory:

Hand Weapons
 a - a +0 mace of chaos (weapon)
Missiles
 e - 28 stones
Armour
 b - a +2 leather armour (worn)
Scrolls
 f - a scroll of poison {unknown}
Potions
 d - a potion of degeneration
Miscellaneous
 c - a piece from Xom's chessboard (14/15) (quivered)


   Skills:
 - Level 3.2 Fighting
 + Level 5.1 Maces & Flails
 - Level 2.4 Armour
 - Level 1.2 Dodging


You had one spell level left.
You didn't know any spells.
Your spell library was empty.

Dungeon Overview and Level Annotations

Branches:
Dungeon (2/15)

Altars:


Innate Abilities, Weirdness & Mutations

You passively map a small area around you.
You are easily found by Zot.
You glow in the dark.
You regain HP and MP as you explore.


Message History

The rat evaporates and reforms as an adder!
You are now Xom's teddy bear.
The adder bites you but does no damage. The hobgoblin hits you.
The adder bites you but does no damage.
You are too injured to fight recklessly!
You barely miss the hobgoblin. The adder bites you.
You are poisoned.
The adder poisons you!
The hobgoblin hits you but does no damage.
You closely miss the hobgoblin.
You feel sick.
Xom plays with reality for a moment.
You attempt to intoxicate your foes!
The hobgoblin looks rather confused.
The world spins around you! The adder bites you.
The hobgoblin closely misses you.
It was a potion of degeneration.
There was something very wrong with that liquid.
You feel weakened.
You feel dopey.
You feel clumsy.
Xom thinks this is hilarious!
You feel sick. The adder barely misses you. The adder bites you.
* * * LOW HITPOINT WARNING * * *
You hit the hobgoblin. You burn the hobgoblin.
You kill the hobgoblin!
You feel sick.
You are no longer poisoned.
The adder bites you.
* * * LOW HITPOINT WARNING * * *
You are lethally poisoned!
The adder poisons you! Why would you want to do that?
You hit the worm.
The worm is poisoned.
The worm is moderately wounded.
* * * LOW HITPOINT WARNING * * *
You feel sick. The adder bites you but does no damage. The adder bites you.
* * * LOW HITPOINT WARNING * * *
You are more poisoned.
The adder poisons you!
You hit the worm but do no damage. You drain the worm.
The worm is heavily wounded.
You die...
Xom bursts into laughter!

, #(# * ,
#.# , ,
##.## ##
###...##**
.# * ...?^.
#.# ,
#...####..#
,
#S##.#...#
* *
#Sw......#
,,
#@##.#..##
, ###.....#
, #...#<##
, ,
.......#.#
*##.#####.#
* #. * #.#
# ,, ..# *
** *###


You could see a worm (very poisoned, drained) and 2 adders.

Vanquished Creatures
  3 bats (D:1)
  2 endoplasms (D:1)
  A giant cockroach (D:1)
  2 hobgoblins
  A frilled lizard (D:1)
  3 goblins (D:1)
  A rat (D:1)
13 creatures vanquished.

Notes
Turn   | Place    | Note
-------+----------+-------------------------------------------
     0 | D:1      | dolemite99 the Meteoran Chaos Knight began the quest for
                  | the Orb.
     0 | D:1      | Reached XP level 1. HP: 19/19 MP: 2/2
    58 | D:1      | XOM: butterfly on damage
    71 | D:1      | XOM: divination: detect items
    72 | D:1      | Reached XP level 2. HP: 6/26 MP: 3/3
   430 | D:1      | Reached skill level 5 in Maces & Flails
   433 | D:1      | XOM: confusion (+ monsters)
   463 | D:2      | XOM: noise
   464 | D:2      | XOM: polymorph rat -> adder
   466 | D:2      | XOM: cast spell 'Alistair's Intoxication'
   469 | D:2      | HP: 1/26 [adder (1)]
   470 | D:2      | Succumbed to an adder's poison

Illustrated notes

Levels and vault maps discovered:
D:1:      dpeg_arrival_prison, layout_basic, corexii_hall_statues_t,
          grunt_decor_one_mirror, minmay_pentomino_s2
D:2:      wad_crossroads, layout_loops_ring, minmay_fractal_squares_gapless_5

Skill      XL: |  1  2 |
---------------+-------+-----
Maces & Flails | 5 |  5.1
Fighting       | |  3.2
Armour         | |  2.4
Dodging        | |  1.2

Action                   || total
-------------------------++-------
Melee: Mace              ||    33
Evoke: Piece from Xom's  ||     1
  Use: Scroll            ||     1
       Potion            ||     1
Armor: Leather armour    ||    28
Dodge: Dodged            ||    25

Table legend: (Time is in decaauts)
 A = Elapsed time spent in this place.
 B = Non-inter-level travel time spent in this place.
 C = Inter-level travel time spent in this place.
 D = Time resting spent in this place.
 E = Time spent auto-exploring this place.
 F = Levels seen in this place.
 G = Mean time per level.
                   A        B        C        D        E       F      G
               +--------+--------+--------+--------+--------+-----+--------+
         Total |    475 |    475 |      0 |    100 |    181 |   2 |  237.5 |
       Dungeon |    475 |    475 |      0 |    100 |    181 |   2 |  237.5 |
               +--------+--------+--------+--------+--------+-----+--------+

Top non-repeatable levels by time:
     D:1: 456 daAuts
     D:2: 18 daAuts
